 Dungeon Sprint DCSS version 0.19.1 (webtiles) character file.

3793 equalderp2856 the Ripper (level 9, -1/44 HPs)
             Began as a Felid Fighter on Dec 1, 2016.
             Was an Initiate of Gozag.
             Slain by an ettin
             ... wielding a +0 dire flail
              (26 damage)
             ... in the Dungeon (Sprint IX: "|||||||||||||||||||||||||||||").
             The game lasted 00:04:42 (1870 turns).

equalderp2856 the Ripper (Felid Fighter)            Turns: 1870, Time: 00:04:44

Health: -1/44      AC:  2    Str: 13    XL:     9   Next: 96%
Magic:  11/11      EV: 36    Int: 10    God:    Gozag
Gold:   2364       SH:  0    Dex: 21    Spells: 0 memorised, 8 levels left
                                        Lives:  0   Deaths: 2

rFire  . . .     SeeInvis +       - Unarmed
rCold  . . .     Gourm    .     (armour unavailable)
rNeg   . . .     Faith    .     (shield unavailable)
rPois  .         Spirit   .     (helmet unavailable)
rElec  .         Reflect  .     (cloak unavailable)
rCorr  .         Harm     .     (gloves unavailable)
MR     +....     NoTele   +     (boots unavailable)
Stlth  +++++.....               (no amulet)
                                n - +2 ring of evasion
                                m - +3 ring of dexterity

@: gold aura, quick
A: no armour, no weapons or thrown items, stealth, claws 1, fangs 3, see
invisible, carnivore 3, speed 1, shaggy fur 2, slow metabolism 1, sharp paws
a: Potion Petition, Call Merchant, Bribe Branch, Renounce Religion


You were in the Dungeon.
You worshipped Gozag.
Gozag was most pleased with you.
You were not hungry.

You visited 1 branch You collected 2364 gold pieces.

Inventory:

Jewellery
 m - a +3 ring of dexterity (left paw)
 n - a +2 ring of evasion (right paw)
Wands
 l - a wand of iceblast (4/15)
Scrolls
 h - 2 scrolls of blinking
 j - 5 scrolls of remove curse
 k - 2 scrolls of amnesia
 p - a scroll of fog
 q - 2 scrolls of fear
Potions
 a - 3 potions of might
 c - 4 potions of curing
 d - a potion of heal wounds
 e - a potion of haste
 f - 4 potions of magic
 g - 2 potions of berserk rage
 i - a potion of invisibility
 o - a potion of resistance
Comestibles
 b - a meat ration


   Skills:
 + Level 8.0 Fighting
 + Level 16.7 Dodging
 + Level 10.7 Stealth
 + Level 19.1 Unarmed Combat
 + Level 1.9 Evocations


You had 8 spell levels left.
You didn't know any spells.

Dungeon Overview and Level Annotations

Branches:
Dungeon (1/1)

Altars:
Cheibriados
Dithmenos
Elyvilon
Fedhas
Gozag
Hepliaklqana
Kikubaaqudgha
Makhleb
Nemelex Xobeh
Okawaru
Qazlal
Ru
Sif Muna
Trog
Uskayaw
Vehumet
Xom
Yredelemnul
Zin
The Shining One
Beogh
Jiyva
Lugonu

Shops:
D [


Innate Abilities, Weirdness & Mutations

You cannot wear armour.
You are incapable of wielding weapons or throwing items.
Your paws allow you to move quietly. (Stealth)
You have sharp claws.
You have razor-sharp teeth.
You have supernaturally acute eyesight. (SInv)
You are carnivorous and can eat meat at any time.
You cover ground quickly.
You are covered in thick fur. (AC +2)
You have a slow metabolism.
Your sharp claws are effective at attacking unaware monsters.


Message History

You claw the troll!
The troll is severely wounded.
The troll completely misses you. x2; The troll misses you.
You claw the troll!
The troll is almost dead.
The troll closely misses you. The troll completely misses you. x2
You scratch the troll but do no damage.
The troll is severely wounded.
You scratch the troll but do no damage. You claw the troll!
You kill the troll!
The ettin is distracted by the nearby gold.
You see here 153 gold pieces.
The ettin shouts in stereo!
You mangle the ettin!!
The ettin is no longer distracted by gold.
The ettin is moderately wounded.
The ettin hits you with a dire flail!! x2
Ouch! That really hurt!
You die...
Your body crumbles into a pile of gold.

▓▓▓▓▓▓▓▓▓▓▓▓▓▓▓▓▓▓▓▓▓▓
....)................▓
▓▓▓▓▓▓▓▓▓▓▓▓▓▓▓▓▓▓▓▓.▓
$ $ $∩$CT$$$...C@....▓
▓▓▓▓▓▓▓▓▓▓▓▓▓▓▓▓▓ ▓▓▓


YYY$$ ▓▓▓▓▓▓▓▓▓▓▓▓▓▓▓▓▓▓▓▓▓▓ .....................▓ ▓▓▓▓▓▓▓▓▓▓▓▓▓▓▓▓▓▓▓▓.▓
[[..'.()...()(....'..▓ You could see an ettin.

Vanquished Creatures
  2 death yaks (D)
  3 deep trolls (D)
  A hill giant (D)
  A cyclops (D)
  2 black mambas (D)
  A spiny frog (D)
  A komodo dragon (D)
  2 trolls (D)
  A blink frog (D)
  A hippogriff (D)
  A shadow (D)
  A vampire (D)
  A yak (D)
  2 water moccasins (D)
  2 porcupines (D)
  2 black bears (D)
  A wolf (D)
  An eye of draining (D)
  4 crocodiles (D)
  A big kobold (D)
  3 bullfrogs (D)
  A quasit (D)
  An orc wizard (D)
  An adder (D)
  A dart slug (D)
  A leopard gecko (D)
  An orc (D)
  A bat skeleton (D)
  A giant cockroach (D)
  2 hobgoblins (D)
  2 jackals (D)
  A quokka (D)
  A ball python skeleton (D)
  A rat (D)
49 creatures vanquished.

Notes
Turn   | Place    | Note
-------+----------+-------------------------------------------
     0 | D        | equalderp2856 the Felid Fighter began the quest for the Orb.
     0 | D        | Reached XP level 1. HP: 10/10 MP: 2/2
    13 | D        | Reached skill level 5 in Unarmed Combat
    39 | D        | Reached XP level 2. HP: 14/14 MP: 3/3
    48 | D        | Reached skill level 5 in Dodging
    48 | D        | Reached skill level 1 in Stealth
   105 | D        | Found a roughly hewn altar of Beogh.
   105 | D        | Found a snail-covered altar of Cheibriados.
   105 | D        | Found a shadowy altar of Dithmenos.
   105 | D        | Found a white marble altar of Elyvilon.
   105 | D        | Found a blossoming altar of Fedhas.
   105 | D        | Found an opulent altar of Gozag.
   106 | D        | Found a hazy altar of Hepliaklqana.
   107 | D        | Found a viscous altar of Jiyva.
   108 | D        | Found an ancient bone altar of Kikubaaqudgha.
   109 | D        | Found a corrupted altar of Lugonu.
   110 | D        | Found a burning altar of Makhleb.
   111 | D        | Found a sparkling altar of Nemelex Xobeh.
   112 | D        | Found an iron altar of Okawaru.
   113 | D        | Became a worshipper of Gozag Ym Sagoz the Greedy
   114 | D        | Found a stormy altar of Qazlal.
   115 | D        | Found a sacrificial altar of Ru.
   116 | D        | Found a deep blue altar of Sif Muna.
   117 | D        | Found a bloodstained altar of Trog.
   118 | D        | Found a hide-covered altar of Uskayaw.
   119 | D        | Found a radiant altar of Vehumet.
   120 | D        | Found a shimmering altar of Xom.
   121 | D        | Found a basalt altar of Yredelemnul.
   122 | D        | Found a glowing silver altar of Zin.
   123 | D        | Found a glowing golden altar of the Shining One.
   150 | D        | Noticed an eye of draining
   150 | D        | Noticed a black bear
   150 | D        | Noticed a black bear
   181 | D        | Reached skill level 6 in Unarmed Combat
   181 | D        | Reached XP level 3. HP: 14/18 MP: 0/4
   194 | D        | Killed an eye of draining
   194 | D        | Reached skill level 8 in Unarmed Combat
   194 | D        | Reached XP level 4. HP: 15/22 MP: 0/5
   194 | D        | Reached XP level 5. HP: 17/25 MP: 0/6
   202 | D        | HP: 1/25 [black bear (3)]
   204 | D        | Killed a black bear
   204 | D        | Reached skill level 5 in Fighting
   204 | D        | Reached skill level 9 in Unarmed Combat
   209 | D        | Killed a black bear
   209 | D        | Reached skill level 10 in Dodging
   209 | D        | Reached skill level 10 in Unarmed Combat
   209 | D        | Gained mutation: You are covered in thick fur. (AC +2) [Felid growth]
   209 | D        | Reached XP level 6. HP: 13/30 MP: 2/7
   377 | D        | Noticed a vampire
   377 | D        | Noticed a shadow
   377 | D        | Noticed a cyclops
   386 | D        | Killed a vampire
   386 | D        | Reached skill level 5 in Stealth
   387 | D        | Reached skill level 11 in Unarmed Combat
   394 | D        | Reached XP level 7. HP: 33/34 MP: 8/8
   404 | D        | Killed a shadow
   404 | D        | Reached skill level 12 in Unarmed Combat
   410 | D        | Killed a cyclops
   410 | D        | Reached XP level 8. HP: 29/39 MP: 9/9
   695 | D        | Noticed a hippogriff
   696 | D        | Noticed a spiny frog
   697 | D        | Killed a hippogriff
   697 | D        | Reached skill level 13 in Unarmed Combat
   698 | D        | Noticed a blink frog
   706 | D        | Killed a blink frog
   714 | D        | Reached skill level 14 in Unarmed Combat
   731 | D        | Killed a spiny frog
   731 | D        | Reached skill level 15 in Dodging
   731 | D        | Reached XP level 9. HP: 25/42 MP: 10/10
   868 | D        | Noticed a black mamba
   868 | D        | Noticed a komodo dragon
   868 | D        | Noticed a black mamba
   872 | D        | Reached skill level 15 in Unarmed Combat
   879 | D        | Killed a black mamba
   884 | D        | Killed a komodo dragon
   890 | D        | Killed a black mamba
   890 | D        | Reached skill level 16 in Unarmed Combat
  1359 | D        | Noticed a death yak
  1359 | D        | Noticed a death yak
  1359 | D        | Noticed a catoblepas
  1359 | D        | Noticed a death yak
  1360 | D        | Noticed a death yak
  1392 | D        | Killed a death yak
  1392 | D        | Reached skill level 17 in Unarmed Combat
  1392 | D        | Reached XP level 10. HP: 47/47 MP: 11/11
  1439 | D        | Killed from afar by a catoblepas
  1440 | D        | Reached XP level 9. HP: 0/43 MP: 10/10
  1537 | D        | Killed a death yak
  1548 | D        | Mangled by a catoblepas
  1549 | D        | Reached XP level 8. HP: -7/40 MP: 9/9
  1633 | D        | Found Bikk's Antique Armour Shoppe.
  1633 | D        | Noticed a deep troll
  1633 | D        | Noticed a hill giant
  1633 | D        | Noticed a deep troll
  1633 | D        | Noticed a deep troll
  1633 | D        | Noticed a troll
  1637 | D        | Noticed a troll
  1643 | D        | Noticed an ettin
  1643 | D        | Killed a deep troll
  1643 | D        | Reached skill level 18 in Unarmed Combat
  1648 | D        | Killed a deep troll
  1648 | D        | Reached skill level 10 in Stealth
  1648 | D        | Reached skill level 1 in Evocations
  1648 | D        | Reached XP level 9. HP: 28/44 MP: 10/10
  1649 | D        | Killed a troll
  1807 | D        | Killed a hill giant
  1816 | D        | Killed a deep troll
  1816 | D        | Reached skill level 19 in Unarmed Combat
  1868 | D        | Killed a troll
  1870 | D        | Slain by an ettin

Skill      XL: |  1  2  3  4  5  6  7  8  9 |
---------------+----------------------------+-----
Unarmed Combat | 5 6 8 10 11 12 18 19 | 19.1
Dodging        | 6 8 10 11 13 15 16 | 16.7
Stealth        | 2 3 4 5 6 10 9 | 10.7
Fighting       | 4 5 6 8 |  8.0
Evocations     | 1 |  1.9

Action                   |  1- 3 |  4- 6 |  7- 9 | 10-12 || total
-------------------------+-------+-------+-------+-------++-------
Melee: Unarmed           |    62 |    33 |   144 |       ||   239
       Bite              |     5 |     7 |    21 |       ||    33
       Punch             |       |     2 |    13 |       ||    15
Evoke: Wand              |       |       |     3 |       ||     3
  Use: Potion            |     2 |     2 |     1 |       ||     5
 Stab: Sleeping          |     2 |       |     3 |       ||     5
       Petrifying        |       |       |     1 |       ||     1
Armor: Skin              |     6 |     1 |       |       ||     7
Dodge: Dodged            |    95 |    41 |   108 |     1 ||   245
